 Dungeon Crawl Stone Soup version 0.31-a0-636-ge1c0e020e0 (webtiles) character file.

Game seed: 9298118150068653742

44 Descartes the Changeling (level 3, -2/15 HPs)
             Began as a Felid Shapeshifter on Aug 26, 2023.
             Slain by Terence
             ... wielding a +2 hand axe of flaming
              (3 damage)
             ... on level 2 of the Dungeon.
             The game lasted 00:01:14 (912 turns).

Descartes the Changeling (Felid Shapeshifter)        Turns: 912, Time: 00:01:14

Health: -2/15      AC:  1    Str: 12    XL:     3   Next: 39%
Magic:  4/4        EV: 17    Int: 11    God:
Gold:   76         SH:  0    Dex: 15    Spells: 2/2 levels left
                                        Lives:  0   Deaths: 1

rFire   . .          .
                       - Unarmed
rCold   . . .        (shield unavailable)
rNeg    . . .        (body armour unavailable)
rPois   .            (helmet unavailable)
rElec   .            (cloak unavailable)
rCorr   .            (gloves unavailable)
SInv    +            (boots unavailable)
Will    .....        (no amulet)
Stlth   ++           (no ring)
HPRegen 0.22/turn    (no ring)
MPRegen 0.09/turn

%: no passive effects
@: beast-form, quick
A: beast (slay +2), very small, claws 1, fangs 3, see invisible, speed 1, shaggy
fur 1, stealthy paws, no weapons or thrown items, no armour, multi-lived
a: Begin Untransformation


You were on level 2 of the Dungeon.
You were a hulking beast.
You visited 1 branch of the dungeon, and saw 2 of its levels.

You collected 76 gold pieces.

Inventory:

Talismans
 b - a beast talisman (active)
 c - a flux talisman
 h - a maw talisman
Scrolls
 d - 5 scrolls of identify {unknown}
 e - a scroll of blinking {unknown}
 f - a scroll of revelation {unknown}
Potions
 a - 2 potions of lignification
 g - 2 potions of curing {unknown}


   Skills:
 + Level 1.6 Fighting
 + Level 3.0 Dodging
 * Level 2.2 Stealth
 + Level 3.1 Unarmed Combat
 * Level 3.8 Shapeshifting


You had 2 spell levels left.
You didn't know any spells.
Your spell library contained the following spells:

 Spells                   Type           Power      Damage    Failure   Level
 Apportation              Tloc           0%         N/A       34%         1
 Necrotise                Necr           0%         1d4       34%         1
 Summon Small Mammal      Summ           0%         N/A       34%         1
 Animate Dead             Necr           0%         N/A       98%         4
 Borgnjor's Vile Clutch   Necr/Erth      0%         N/A       100%        5
 Death Channel            Necr           0%         N/A       100%        6


Dungeon Overview and Level Annotations

Branches:
Dungeon (2/15)

Altars:

Shops:
D:1 (

Annotations:
D:2 Terence


Innate Abilities, Weirdness & Mutations

You are a hulking beast.
Your limbs bulge with bestial killing power. (Slay +2)
You have sharp claws.
You have razor-sharp teeth.
You have supernaturally acute eyesight. (SInv)
You cover ground quickly. (Speed+)
You are covered in fur. (AC +1)
Your paws help you pounce on unaware monsters.
You are incapable of wielding weapons or throwing items.
You cannot wear armour.
You gain extra lives every three experience levels.


Message History

You kill the rat!
No target in view!
No target in view!
No target in view!
No target in view!
You see here a rat corpse.
As you open the door, it creaks loudly!
There is an open door here.
d - 5 scrolls labelled SIULENN SOOPTI (gained 1)
You see here a quokka corpse.
Terence shouts!
Terence barely misses you.
You scratch Terence but do no damage. Your bite misses Terence.
Terence is severely wounded.
Terence hits you with a +2 hand axe of flaming!
Terence burns you.
You are too injured to fight recklessly!
You are too injured to fight recklessly!
You are too injured to fight recklessly!
You are too injured to fight recklessly!
You are too injured to fight recklessly!
You are too injured to fight recklessly!
You are too injured to fight recklessly!
You are too injured to fight recklessly!
You are too injured to fight recklessly!
You are too injured to fight recklessly!
You are too injured to fight recklessly!
You are too injured to fight recklessly!
You are too injured to fight recklessly!
You are too injured to fight recklessly!
You scratch Terence but do no damage.
Terence is severely wounded.
Terence hits you with a +2 hand axe of flaming.
* * * LOW HITPOINT WARNING * * *
Terence burns you.
* * * LOW HITPOINT WARNING * * *
You closely miss Terence.
Terence is severely wounded.
Terence hits you with a +2 hand axe of flaming.
You die...

....... #.#........... #.#
######. #............. #.# .#
#.# #............. #.# .# #.#
#............. #.# .## #.#
#............. #.# ..# #.#
#............ #.# #.####.#
#.............##.# #......#
#.............##.# #......#
#....h@.......##.# #...†..#
#.............##.#
...###.#####............. #.#
##..##.........#.......# #.#
##.########.#.#...?...####.#####
###.## #...+....†..'...).....
.....#####
###.#.......####.#####
##.#.....# #.#.......# #.#
##.........# #.#.......# #.#


You could see Terence.

Vanquished Creatures
  A worm (D:2)
  A dart slug (D:1)
  3 ball pythons
  6 bats
  6 endoplasms (D:1)
  4 giant cockroaches
  3 goblins
  2 quokkas
  A frilled lizard (D:1)
  2 kobolds (D:1)
  4 rats
33 creatures vanquished.

Notes
Turn   | Place    | Note
-------+----------+-------------------------------------------
     0 | D:1      | Descartes the Felid Shapeshifter began the quest for the
                  | Orb.
     0 | D:1      | Reached XP level 1. HP: 9/9 MP: 2/2
   159 | D:1      | Reached skill level 1 in Stealth
   179 | D:1      | Reached XP level 2. HP: 12/12 MP: 3/3
   228 | D:1      | Found Olimetuo's Weapon Emporium.
   392 | D:1      | Reached XP level 3. HP: 15/15 MP: 4/4
   822 | D:2      | Noticed Terence
   836 | D:2      | Slain by Terence
   912 | D:2      | Slain by Terence

Illustrated notes

Levels and vault maps discovered:
D:1:      dpeg_arrival_rhombus, layout_basic, serial_shops, shop,
          grunt_decor_cap, st_stairs_11
D:2:      layout_basic, minmay_quadrilaterals, uniq_terence

Skill      XL: |  1  2  3 |
---------------+----------+-----
Stealth        | 1 2 |  2.2
Dodging        | 3 |  3.0
Fighting       | |  1.6
Unarmed Combat | |  3.1
Shapeshifting  | |  3.8

Action                     || total
---------------------------++-------
  Melee: Unarmed           ||    77
         Punch             ||     3
         Bite              ||     8
   Stab: Sleeping          ||     6
 Armour: Skin              ||     7
  Dodge: Dodged            ||    63

Table legend: (Time is in decaauts)
 A = Elapsed time spent in this place.
 B = Non-inter-level travel time spent in this place.
 C = Inter-level travel time spent in this place.
 D = Time resting spent in this place.
 E = Time spent auto-exploring this place.
 F = Levels seen in this place.
 G = Mean time per level.
                   A        B        C        D        E       F      G
               +--------+--------+--------+--------+--------+-----+--------+
         Total |    766 |    761 |      5 |      0 |    586 |   2 |  383.0 |
       Dungeon |    766 |    761 |      5 |      0 |    586 |   2 |  383.0 |
               +--------+--------+--------+--------+--------+-----+--------+

Top non-repeatable levels by time:
     D:1: 511 daAuts
     D:2: 254 daAuts
